 Dungeon Crawl Stone Soup version bcrawl-1.36.5b (webtiles) character file.

Game seed: 12392887968553269796

313177 Turbognida the Cleaver (level 10, -1/99 HPs)
             Began as a Naga Berserker on Sept 12, 2022.
             Was an Elder of Trog.
             Slain by an orc knight
             ... wielding a +0 halberd
              (41 damage)
             ... in a bailey.
             The game lasted 00:16:22 (8141 turns).

Turbognida the Cleaver (Naga Berserker)             Turns: 8141, Time: 00:16:23

Health: -1/99      AC: 11    Str: 20    XL:     10   Next: 57%
Magic:  10/10      EV: 13    Int:  8    God:    Trog [****..]
Gold:   283        SH:  0    Dex: 19    Spells: 9/9 levels left

rFire    . . .     GDR:     31% F - +5 scythe "Finisher" {speed, eviscerate}
rCold    + . .     SeeInvis +   (shield currently unavailable)
rNeg     . . .     Gourm    .   x - +2 robe {rC+}
rPois    +         Faith    .   y - +2 helmet
rElec    .         Spirit   .   n - +1 cloak
rCorr    .         Reflect  .   (no gloves)
MR       +....                  (no barding)
Stlth    ++++......             h - amulet of magic regeneration
HPRegen  1.56/turn              d - +6 ring of dexterity
MPRegen  0.34/turn              (no ring)

@: exhausted, short of breath, regenerating, very slow
A: large, tail, swims, see invisible, deformed body, poison resistance, slowness
2, slow metabolism 1, spit poison 1, AC +3
a: Spit Poison, Berserk, Trog's Hand, Brothers in Arms, Renounce Religion


You were in a bailey.
You worshipped Trog.
Trog was greatly pleased with you.
You were hungry.

You visited 1 branch of the dungeon, and saw 8 of its levels.
You also visited: Sewer and Bailey.

You collected 478 gold pieces.
You spent 195 gold pieces at shops.

Inventory:

Hand Weapons
 a - a +6 war axe of flaming
 m - a +2 great sword of slicing
 F - the +5 scythe "Finisher" (weapon) {speed, eviscerate}
   (You found it on level 7 of the Dungeon)

   Attacks with this weapon are significantly faster.
Missiles
 j - 148 poisoned tomahawks (quivered)
 G - 2 throwing nets {=f}
Armour
 n - a +1 cloak (worn)
 x - a +2 robe of cold resistance (worn)
 y - a +2 helmet (worn)
 D - a +1 leather armour of fire resistance
Jewellery
 d - a +6 ring of dexterity (left hand)
 h - an amulet of magic regeneration (around neck)
 i - a cursed ring of teleportation {unknown}
Wands
 b - a wand of random effects (13)
 s - a wand of flame (18)
 t - a wand of polymorph (6)
 v - a wand of paralysis (21)
 w - a wand of iceblast (18)
Scrolls
 q - a scroll of fear {unknown}
 r - 5 scrolls of remove curse
 C - a scroll of blinking
 E - a scroll of acquirement {unknown}
Potions
 c - 3 potions of might
 f - 3 potions of flight
 g - a potion of mutation {unknown}
 k - 2 potions of cancellation {unknown}
 l - 4 potions of berserk rage
 o - 3 potions of heal wounds {unknown}
 u - a potion of lignification {unknown}
 z - a potion of agility {unknown}
 A - a potion of degeneration {unknown}
 B - 6 potions of curing {unknown}
 H - a potion of resistance
Comestibles
 e - 9 rations {!d}


   Skills:
 + Level 9.0 Fighting
 - Level 9.7(10.0) Axes
 * Level 4.0(7.4) Polearms
 + Level 0.4 Throwing
 - Level 1.6 Armour
 + Level 4.4 Dodging
 + Level 7.9 Stealth
   Level 2.1 Shields


You had 9 spell levels left.
You didn't know any spells.
Your spell library was empty.

Dungeon Overview and Level Annotations

Branches:
Dungeon (8/12)             Temple (0/1) D:7
   Lair: D:7-9          Orc: D:8-11

Altars:
Uskayaw
Zin

Shops:
D:7 (

Annotations:
D:3 Sigmund


Innate Abilities, Weirdness & Mutations

You cannot wear boots.
You can swim through water.
Your serpentine skin is tough. (AC +3)
You have supernaturally acute eyesight. (SInv)
Armour fits poorly on your strangely shaped body.
Your system is resistant to poisons. (rPois)
You cover ground very slowly.
You have a slow metabolism.
You can spit poison.


Message History

You reach to attack!
You slash the orc!
You kill the orc!
Trog accepts your kill.
You feel the effects of Trog's Hand fading.
The orc knight no longer looks unusually strong.
Your polar bear closely misses the orc warrior.
Your polar bear claws the orc warrior but does no damage.
Your polar bear claws the orc warrior.
The orc warrior hits your polar bear with a +0 halberd!
Your polar bear bites the orc warrior!!
The orc warrior dies!
Trog accepts your kill.
The orc knight hits your polar bear with a +0 glaive!
Your base Polearms skill increases to level 4!
Okay, then.
Your polar bear misses the orc knight.
Your polar bear barely misses the orc knight.
Your polar bear misses the orc knight.
The orc knight hits you from afar with a +0 halberd!!!
You die...

## ####### ######### ...
########.....## ##....)...
.).)#.....#.......######.....)...
..).')....'...o)@.#..))#)....))..
.)..'..)..)).o)h..)..))))....))..
....'.....'...o...#..))#.....))..
....#.....#.......######.........
...#########.....## ##........
### ####### #########


You could see 2 orc knights, an orc warrior and a friendly polar bear (berserk).

Vanquished Creatures
  An ugly thing (D:6)
  A komodo dragon (D:7)
  6 wraiths (D:7)
  A sky beast (D:7)
  Purgy (Sewer)
  3 orc warriors (Bailey)
  A necrophage (D:7)
  A phantom (D:4)
  3 ogres
  3 bullfrogs
  4 scorpions
  4 killer bees (D:7)
  2 howler monkeys
  4 wights (D:6)
  3 jellies
  3 orc priests
  An electric eel (D:7)
  A hound (D:4)
  Crazy Yiuf (D:2)
  Jessica (D:3)
  4 iguanas
  Natasha (thrice) (D:3)
  4 orc wizards
  4 worker ants
  A hound zombie (D:8)
  Robin (D:3)
  3 gnolls (D:6)
  A howler monkey skeleton (D:5)
  6 adders
  An ooze (D:1)
  An adder skeleton (D:7)
  6 worms
  4 dart slugs
  6 leopard geckos
  33 orcs
  2 giant cockroaches
  9 hobgoblins
  5 jackals
  3 quokkas
  2 ball pythons
  13 bats
  4 frilled lizards
  15 goblins
  8 kobolds
  6 rats
190 creatures vanquished.

Vanquished Creatures (collateral kills)
  An orc knight (Bailey)
  3 orc warriors (Bailey)
  2 electric eels (D:7)
  9 orcs (Bailey)
  A plant (D:7)
16 creatures vanquished.

Grand Total: 206 creatures vanquished

Notes
Turn   | Place    | Note
-------+----------+-------------------------------------------
     0 | D:1      | Turbognida the Naga Berserker began the quest for the Orb.
     0 | D:1      | Reached XP level 1. HP: 21/21 MP: 1/1
    81 | D:1      | Reached XP level 2. HP: 28/28 MP: 2/2
   256 | D:1      | Reached XP level 3. HP: 19/34 MP: 3/3
   413 | D:1      | Reached ** piety under Trog
  1036 | D:2      | Reached XP level 4. HP: 9/43 MP: 4/4
  1720 | D:2      | Found a runed door.
  1724 | D:2      | Noticed Crazy Yiuf
  1729 | D:2      | Killed Crazy Yiuf
  2116 | D:3      | Noticed Natasha
  2130 | D:3      | Killed Natasha
  2131 | D:3      | Reached XP level 5. HP: 50/50 MP: 5/5
  2184 | D:3      | Noticed Sigmund
  2193 | D:3      | Noticed Robin
  2203 | D:3      | Killed Robin
  2266 | D:3      | Found a glowing drain.
  2332 | Sewer    | Entered a sewer
  2337 | Sewer    | Reached *** piety under Trog
  2345 | Sewer    | Reached skill level 1 in Stealth
  2361 | Sewer    | Noticed Purgy
  2371 | Sewer    | Killed Purgy
  2372 | Sewer    | Reached skill level 5 in Axes
  2372 | Sewer    | Reached XP level 6. HP: 58/58 MP: 6/6
  2710 | D:3      | Noticed Natasha
  2715 | D:3      | Killed Natasha
  2843 | D:3      | Noticed Natasha
  2858 | D:3      | Killed Natasha
  2907 | D:3      | Found a glowing silver altar of Zin.
  3264 | D:3      | Noticed Jessica
  3273 | D:3      | Killed Jessica
  3423 | D:4      | Reached skill level 5 in Fighting
  3504 | D:4      | Reached XP level 7. HP: 67/67 MP: 7/7
  4490 | D:5      | Entered Level 5 of the Dungeon
  5135 | D:5      | Reached XP level 8. HP: 77/78 MP: 8/8
  5807 | D:6      | Found a hide-covered altar of Uskayaw.
  5835 | D:6      | Reached **** piety under Trog
  6369 | D:6      | Noticed a purple ugly thing
  6388 | D:6      | Killed a purple ugly thing
  6389 | D:6      | Reached skill level 5 in Stealth
  6389 | D:6      | Reached XP level 9. HP: 86/88 MP: 9/9
  6600 | D:7      | Found a transporter.
  6633 | D:7      | Found Xihaming's Antique Weapon Emporium.
  6636 | D:7      | Bought a runed war axe for 195 gold pieces
  6654 | D:7      | Found a transporter.
  6701 | D:7      | Noticed a komodo dragon
  6710 | D:7      | Killed a komodo dragon
  7228 | D:7      | Found a staircase to the Ecumenical Temple.
  7339 | D:7      | Reached skill level 1 in Shields
  7352 | D:7      | Reached XP level 10. HP: 50/98 MP: 10/10
  7366 | D:7      | Found the +5 scythe "Finisher" {speed, eviscerate}
  7408 | D:7      | HP: 7/147 [ogre/+0 giant club (6)]
  7878 | D:8      | Found a flagged portal.
  7894 | Bailey   | Entered a bailey
  7903 | Bailey   | Reached skill level 1 in Polearms
  8114 | Bailey   | Noticed an orc knight
  8121 | Bailey   | Noticed an orc knight
  8121 | Bailey   | Killed an orc knight
  8124 | Bailey   | Noticed an orc knight
  8141 | Bailey   | Slain by an orc knight

Skill      XL: |  1  2  3  4  5  6  7  8  9 10 |
---------------+-------------------------------+-----
Axes           | 4 5 6 7 9 |  9.7
Dodging        | 2 3 4 |  4.4
Fighting       | 4 5 6 7 8 9 |  9.0
Stealth        | 1 2 3 5 6 7 |  7.9
Shields        | 1 2 |  2.1
Polearms       | 4 |  4.0
Throwing       | |  0.4
Armour         | |  1.6

Action                   |  1- 3 |  4- 6 |  7- 9 | 10-12 || total
-------------------------+-------+-------+-------+-------++-------
Melee: Hand axe          |   114 |   187 |   285 |       ||   586
       Unarmed           |       |     4 |       |       ||     4
       War axe           |       |       |    59 |    16 ||    75
       Scythe            |       |       |       |    42 ||    42
Throw: Tomahawk          |       |     2 |     2 |     7 ||    11
Invok: Berserk           |       |     9 |     7 |     1 ||    17
       Trog's Hand       |       |     1 |     1 |     1 ||     3
       Brothers in Arms  |       |       |       |     4 ||     4
 Abil: Spit Poison       |     1 |     4 |     1 |     4 ||    10
  Use: Scroll            |       |     4 |    11 |       ||    15
 Stab: Sleeping          |     1 |     3 |    11 |     2 ||    17
       Distracted        |       |       |     1 |       ||     1
  Eat: Chunk             |     3 |    16 |    12 |     4 ||    35
       Ration            |       |     1 |     3 |     1 ||     5
Armor: Animal skin       |    38 |    37 |    40 |       ||   115
       Robe              |       |       |    31 |    38 ||    69
Dodge: Dodged            |    72 |    86 |   172 |    80 ||   410
